Canadiens vs Senateurs
Created - December 20, 2020 at 21:34
Goals
|
Canadiens |
0 |
1 |
0 |
1 |
Senateurs |
1 |
1 |
2 |
4 |
|
Shots
|
Canadiens |
10 |
15 |
11 |
36 |
Senateurs |
13 |
13 |
13 |
39 |
|
1st period
1. Senateurs , Cody Franson 3 (Marek Svatos 8, Dion Phaneuf 14) at 19:05 (PP)
Penalties :
Pierre-Marc Bouchard (Mon) for Hooking (Minor) at 0:31, Evgeni Malkin (Ott) for Slashing (Minor) at 5:34, Phil Kessel (Ott) for Tripping (Minor) at 13:07, Frans Nielsen (Mon) for Tripping (Minor) at 18:25
2nd period
2. Canadiens , Henrik Sedin 8 (Corey Perry 7) at 9:03
3. Senateurs , Cody Franson 4 (Sidney Crosby 16, Derek Boogaard 9) at 16:24 (PP)
Penalties :
Colton Parayko (Mon) for Holding (Minor) at 0:19, Derek Boogaard (Ott) for Hooking (Minor) at 10:23, Benoit Pouliot (Mon) for Hooking (Minor) at 15:38
3rd period
4. Senateurs , Evgeni Malkin 9 (Jamie Benn 6, Cody Franson 7) at 13:15
5. Senateurs , Matt Moulson 4 (Duncan Keith 10) at 16:14
Penalties :
Phil Kessel (Ott) for Holding (Minor) at 16:35, Pierre-Marc Bouchard (Mon) for Cross-checking (Minor) at 19:24
Goalie Stats
Kristers Gudlevskis (Mon), 35 saves from 39 shots - (0.897), L, 8-9-4, 60:00 minutes
Jaroslav Halak (Ott), 35 saves from 36 shots - (0.972), W, 10-12-4, 60:00 minutes
Players Stats for Canadiens
Player Name G A P +/- PIM S H SB GA TA FO MP PP MP PK MP
------------------------------------------------------------------------------------
Benoit Pouliot 0 0 0 1 2 3 3 0 2 1 0/2 19:42 2:48 2:07
Brett Maclean 0 0 0 -1 0 4 1 1 0 0 0/0 12:07 0:00 0:36
Bryce Lampman 0 0 0 1 0 1 0 0 0 1 0/0 23:20 4:09 4:09
Cameron Gaunce 0 0 0 0 0 0 2 2 0 0 0/0 13:52 0:00 0:51
Colton Parayko 0 0 0 0 2 1 2 0 0 1 0/0 28:07 4:09 2:59
Corey Perry 0 1 1 1 0 4 1 0 1 1 1/7 21:12 2:48 3:49
David Pastrnak 0 0 0 -1 0 5 0 0 2 2 1/2 19:05 5:08 0:00
Dustin Boyd 0 0 0 0 0 1 0 0 0 0 2/4 6:06 0:00 0:04
Frans Nielsen 0 0 0 -1 2 2 0 0 0 0 7/13 16:04 2:48 0:00
Greg Stewart 0 0 0 -1 0 3 0 0 0 0 2/4 20:44 5:08 1:39
Henrik Sedin 1 0 1 1 0 4 1 0 1 1 18/32 24:06 5:08 3:43
Jordan Szwarz 0 0 0 0 0 2 1 0 0 0 0/0 5:59 0:00 0:00
Mark Stuart 0 0 0 -1 0 2 1 1 0 1 0/0 24:46 3:47 2:09
Nick Spaling 0 0 0 0 0 1 1 0 0 0 0/0 5:59 0:00 0:00
Philip Larsen 0 0 0 -1 0 0 1 1 0 2 0/0 12:16 0:00 0:00
Pierre-Marc Bouchard 0 0 0 -1 4 1 1 0 0 0 6/12 11:29 0:00 0:00
Raphael Diaz 0 0 0 -1 0 1 1 0 1 0 0/0 17:41 3:47 1:50
Steve Downie 0 0 0 -1 0 1 1 0 0 0 0/1 11:21 0:00 0:00
Players Stats for Senateurs
Player Name G A P +/- PIM S H SB GA TA FO MP PP MP PK MP
------------------------------------------------------------------------------------
Arturs Kulda 0 0 0 0 0 1 0 1 0 1 0/0 10:18 0:00 0:00
Brian McGrattan 0 0 0 1 0 0 0 1 2 0 0/0 8:56 0:00 0:00
Cody Franson 2 1 3 0 0 3 2 1 2 1 0/0 30:35 3:49 5:30
Colby Armstrong 0 0 0 0 0 2 0 0 0 0 0/0 9:54 0:04 0:00
Denis Grebeshkov 0 0 0 1 0 1 0 0 0 0 0/0 19:07 2:10 2:26
Derek Boogaard 0 1 1 -1 2 2 1 0 1 0 4/5 20:07 3:43 1:44
Dion Phaneuf 0 1 1 0 0 1 0 2 1 0 0/0 30:35 3:49 5:30
Duncan Keith 0 1 1 1 0 1 1 0 0 1 0/0 19:07 2:10 2:26
Evgeni Malkin 1 0 1 1 2 4 0 0 0 1 6/12 18:08 2:12 3:47
Jamie Benn 0 1 1 1 0 3 0 0 2 1 0/0 15:28 2:12 1:30
Marek Svatos 0 1 1 1 0 2 0 0 0 0 0/0 13:30 2:12 0:00
Matt Moulson 1 0 1 1 0 3 0 0 0 0 0/2 8:56 0:00 0:00
Maxim Lapierre 0 0 0 0 0 2 2 0 0 0 6/9 10:15 0:00 0:25
Nate Prosser 0 0 0 0 0 0 0 1 0 0 0/0 10:18 0:00 0:00
Peter Regin 0 0 0 1 0 3 0 0 0 1 2/7 12:08 0:00 2:23
Phil Kessel 0 0 0 -1 4 4 3 1 2 1 0/0 20:36 3:47 1:11
Sergei Kostitsyn 0 0 0 0 0 3 0 0 0 0 0/1 9:50 0:00 0:00
Sidney Crosby 0 1 1 -1 0 4 0 1 0 0 22/41 24:12 3:47 4:52
3 Stars
1 - Cody Franson (Ott)
2 - Jaroslav Halak (Ott)
3 - Matt Moulson (Ott)
Power Play
Canadiens - 0 on 4 Attempt(s) - 0.00%
Senateurs - 2 on 5 Attempt(s) - 40.00%
Penalty Kill
Canadiens - 3 on 5 Attempt(s) - 60.00%
- Score 0 goal in Penalty Kill
Senateurs - 4 on 4 Attempt(s) - 100.00%
- Score 0 goal in Penalty Kill
Team Stat
Canadiens - Hits : 17 - Faceoff Wins : 37 - Blocked Shots : 5 - Penalty Minutes : 10
Senateurs - Hits : 9 - Faceoff Wins : 40 - Blocked Shots : 8 - Penalty Minutes : 8
Official
Referees : Unknown
Linesman : Unknown
Game Notes
No Game Note
Finance
Level 1 -- Attendance: 6000 (100.00%) -- Ticket Income $618,000
Level 2 -- Attendance: 4027 (80.54%) -- Ticket Income $273,836
Level 3 -- Attendance: 1536 (76.80%) -- Ticket Income $66,048
Level 4 -- Attendance: 3744 (93.60%) -- Ticket Income $104,832
Luxury Box -- Attendance: 1000 (100.00%) -- Ticket Income $180,000
Game was played at the Place Banque Scotia.
Total Attendance: 16307 (90.59%)
Total Ticket Income: $1,242,716
Other Income: $186,407
Total Income: $1,429,123
Canadiens
5 vs 5 Forward
Center Left Wing Right Wing Time % Phy DF OF
1 Henrik Sedin Benoit Pouliot Corey Perry 40 0 1 4
2 Frans Nielsen Greg Stewart David Pastrnak 30 0 1 4
3 Pierre-Marc Bouchard Brett Maclean Steve Downie 20 0 2 3
4 Dustin Boyd Nick Spaling Jordan Szwarz 10 0 3 2
5 vs 5 Defense
Defense Defense Time % Phy DF OF
1 Colton Parayko Mark Stuart 40 0 2 3
2 Bryce Lampman Cameron Gaunce 30 0 3 2
3 Philip Larsen Raphael Diaz 20 0 3 2
4 Colton Parayko Bryce Lampman 10 0 3 2
PowerPlay Forward
Center Left Wing Right Wing Time % Phy DF OF
1 Henrik Sedin Greg Stewart David Pastrnak 60 0 0 5
2 Frans Nielsen Benoit Pouliot Corey Perry 40 0 0 5
PowerPlay Defense
Defense Defense Time % Phy DF OF
1 Colton Parayko Bryce Lampman 60 0 1 4
2 Mark Stuart Raphael Diaz 40 0 1 4
Penalty Kill 4 Players Forward
Center Wing Time % Phy DF OF
1 Corey Perry Henrik Sedin 60 1 3 1
2 Greg Stewart Benoit Pouliot 40 1 3 1
Penalty Kill 4 Players Defense
Defense Defense Time % Phy DF OF
1 Colton Parayko Bryce Lampman 60 1 3 1
2 Mark Stuart Raphael Diaz 40 1 3 1
Penalty Kill - 3 Players Forward
Forward Time % Phy DF OF
1 Corey Perry 60 1 4 0
2 Henrik Sedin 40 1 4 0
Penalty Kill - 3 Players Defense
Defense Defense Time % Phy DF OF
1 Colton Parayko Bryce Lampman 60 1 4 0
2 Mark Stuart Raphael Diaz 40 1 4 0
4 vs 4 Forward
Center Wing Time % Phy DF OF
1 Corey Perry Henrik Sedin 60 0 2 3
2 Greg Stewart Benoit Pouliot 40 0 2 3
4 vs 4 Defense
Defense Defense Time % Phy DF OF
1 Colton Parayko Bryce Lampman 60 0 2 3
2 Mark Stuart Raphael Diaz 40 0 2 3
Last Minutes Offensive
Center Left Wing Right Wing Defense Defense
Henrik Sedin Greg Stewart Corey Perry Colton Parayko Bryce Lampman
Last Minutes Defensive
Center Left Wing Right Wing Defense Defense
Henrik Sedin Greg Stewart Corey Perry Colton Parayko Bryce Lampman
Goaltenders
Starting : Kristers Gudlevskis
Backup : Allen York
Extra Forwards
Normal : Corey Perry, David Pastrnak, Brett Maclean - PP : Corey Perry, David Pastrnak - PK : Brett Maclean
Extra Defensemen
Normal : Philip Larsen, Cameron Gaunce, Mark Stuart - PP : Philip Larsen - PK : Cameron Gaunce, Mark Stuart
Penalty Shots
Corey Perry, Henrik Sedin, Greg Stewart, Benoit Pouliot, Frans Nielsen
Scratches
Nikolai Zherdev (Healthy), Viktor Stalberg (Healthy)
Senateurs
5 vs 5 Forward
Center Left Wing Right Wing Time % Phy DF OF
1 Sidney Crosby Derek Boogaard Phil Kessel 40 1 2 2
2 Evgeni Malkin Jamie Benn Marek Svatos 30 1 2 2
3 Maxim Lapierre Sergei Kostitsyn Colby Armstrong 20 1 2 2
4 Peter Regin Matt Moulson Brian McGrattan 10 1 2 2
5 vs 5 Defense
Defense Defense Time % Phy DF OF
1 Dion Phaneuf Cody Franson 40 1 2 2
2 Duncan Keith Denis Grebeshkov 30 1 2 2
3 Nate Prosser Arturs Kulda 20 1 2 2
4 Dion Phaneuf Cody Franson 10 1 2 2
PowerPlay Forward
Center Left Wing Right Wing Time % Phy DF OF
1 Sidney Crosby Derek Boogaard Phil Kessel 60 1 2 2
2 Evgeni Malkin Jamie Benn Marek Svatos 40 1 2 2
PowerPlay Defense
Defense Defense Time % Phy DF OF
1 Dion Phaneuf Cody Franson 60 1 2 2
2 Duncan Keith Denis Grebeshkov 40 1 2 2
Penalty Kill 4 Players Forward
Center Wing Time % Phy DF OF
1 Sidney Crosby Evgeni Malkin 60 1 2 2
2 Phil Kessel Derek Boogaard 40 1 2 2
Penalty Kill 4 Players Defense
Defense Defense Time % Phy DF OF
1 Dion Phaneuf Cody Franson 60 1 2 2
2 Duncan Keith Denis Grebeshkov 40 1 2 2
Penalty Kill - 3 Players Forward
Forward Time % Phy DF OF
1 Sidney Crosby 60 1 2 2
2 Evgeni Malkin 40 1 2 2
Penalty Kill - 3 Players Defense
Defense Defense Time % Phy DF OF
1 Dion Phaneuf Cody Franson 60 1 2 2
2 Duncan Keith Denis Grebeshkov 40 1 2 2
4 vs 4 Forward
Center Wing Time % Phy DF OF
1 Sidney Crosby Evgeni Malkin 60 1 2 2
2 Phil Kessel Derek Boogaard 40 1 2 2
4 vs 4 Defense
Defense Defense Time % Phy DF OF
1 Dion Phaneuf Cody Franson 60 1 2 2
2 Duncan Keith Denis Grebeshkov 40 1 2 2
Last Minutes Offensive
Center Left Wing Right Wing Defense Defense
Sidney Crosby Derek Boogaard Phil Kessel Dion Phaneuf Cody Franson
Last Minutes Defensive
Center Left Wing Right Wing Defense Defense
Sidney Crosby Derek Boogaard Phil Kessel Dion Phaneuf Cody Franson
Goaltenders
Starting : Jaroslav Halak
Backup : Jonas Hiller
Extra Forwards
Normal : Colby Armstrong, Maxim Lapierre, Peter Regin - PP : Colby Armstrong, Maxim Lapierre - PK : Peter Regin
Extra Defensemen
Normal : Nate Prosser, Arturs Kulda, Duncan Keith - PP : Nate Prosser - PK : Arturs Kulda, Duncan Keith
Penalty Shots
Sidney Crosby, Evgeni Malkin, Phil Kessel, Derek Boogaard, Marek Svatos
Scratches
None
% Time on Ice - Canadiens
Lines # - Real PCT - Wanted PCT - Time Play
Normal Forward
1 - 34% - 40% - 15:28
2 - 29% - 30% - 13:17
3 - 25% - 20% - 11:21
4 - 13% - 10% - 5:59
Normal Defense
1 - 40% - 40% - 18:20
2 - 27% - 30% - 12:36
3 - 25% - 20% - 11:43
4 - 7% - 10% - 3:26
PP Forward
1 - 65% - 60% - 5:08
2 - 35% - 40% - 2:48
PP Defense
1 - 52% - 60% - 4:09
2 - 48% - 40% - 3:47
PK Forward
1 - 75% - 60% - 4:29
2 - 25% - 40% - 1:30
PK Defense
1 - 69% - 60% - 4:09
2 - 31% - 40% - 1:50
PK3 Forward
1 - 0% - 60%
2 - 0% - 40%
PK3 Defense
1 - 0% - 60%
2 - 0% - 40%
44 Forward
1 - 0% - 60%
2 - 0% - 40%
44 Defense
1 - 0% - 60%
2 - 0% - 40%
Last Minute Offensive - 0:00
Last Minute Defensive - 0:00
Total
Forward - 60:00
Defense - 60:00
|
% Time on Ice - Senateurs
Lines # - Real PCT - Wanted PCT - Time Play
Normal Forward
1 - 35% - 40% - 16:01
2 - 25% - 30% - 11:18
3 - 21% - 20% - 9:50
4 - 19% - 10% - 8:56
Normal Defense
1 - 41% - 40% - 18:41
2 - 32% - 30% - 14:31
3 - 22% - 20% - 10:18
4 - 6% - 10% - 2:35
PP Forward
1 - 63% - 60% - 3:47
2 - 37% - 40% - 2:12
PP Defense
1 - 64% - 60% - 3:49
2 - 36% - 40% - 2:10
PK Forward
1 - 73% - 60% - 5:46
2 - 27% - 40% - 2:10
PK Defense
1 - 69% - 60% - 5:30
2 - 31% - 40% - 2:26
PK3 Forward
1 - 0% - 60%
2 - 0% - 40%
PK3 Defense
1 - 0% - 60%
2 - 0% - 40%
44 Forward
1 - 0% - 60%
2 - 0% - 40%
44 Defense
1 - 0% - 60%
2 - 0% - 40%
Last Minute Offensive - 0:00
Last Minute Defensive - 0:00
Total
Forward - 60:00
Defense - 60:00
|
Play-by-Play
1st period
0:01 of 1st period - Sidney Crosby wins face-off versus Henrik Sedin in neutral zone.
0:10 of 1st period - Snap shot by Benoit Pouliot.
0:10 of 1st period - Stopped by Jaroslav Halak without a rebound.
0:11 of 1st period - Frans Nielsen wins face-off versus Evgeni Malkin in Senateurs zone.
0:18 of 1st period - Wrist shot by David Pastrnak.
0:18 of 1st period - Shot Misses the Net.
0:24 of 1st period - Snap shot by Jamie Benn.
0:24 of 1st period - Stopped by Kristers Gudlevskis with a rebound.
0:26 of 1st period - Slapshot by Marek Svatos.
0:26 of 1st period - Shot Misses the Net.
0:28 of 1st period - Backhand shot by Duncan Keith.
0:28 of 1st period - Deflect By Marek Svatos.
0:28 of 1st period - Stopped by Kristers Gudlevskis without a rebound.
0:29 of 1st period - Pierre-Marc Bouchard wins face-off versus Maxim Lapierre in Canadiens zone.
0:31 of 1st period - Minor Penalty to Pierre-Marc Bouchard for Hooking.
0:32 of 1st period - Corey Perry wins face-off versus Sidney Crosby in Canadiens zone.
2:31 of 1st period - Penalty to Pierre-Marc Bouchard is over, Pierre-Marc Bouchard is back on ice.
2:40 of 1st period - Backhand shot by Bryce Lampman.
2:40 of 1st period - Stopped by Jaroslav Halak without a rebound.
2:41 of 1st period - Maxim Lapierre wins face-off versus Dustin Boyd in Senateurs zone.
3:14 of 1st period - Wrist shot by David Pastrnak.
3:14 of 1st period - Shot Misses the Net.
3:16 of 1st period - Wrist shot by Raphael Diaz.
3:16 of 1st period - Deflect By Greg Stewart.
3:16 of 1st period - Shot Misses the Net.
3:16 of 1st period - Puck is out of play.
3:17 of 1st period - Derek Boogaard wins face-off versus Pierre-Marc Bouchard in Senateurs zone.
3:17 of 1st period - Derek Boogaard is hit by Steve Downie.
3:28 of 1st period - Icing by Pierre-Marc Bouchard.
3:29 of 1st period - Pierre-Marc Bouchard wins face-off versus Sidney Crosby in Canadiens zone.
4:28 of 1st period - Slapshot by Duncan Keith.
4:28 of 1st period - Stopped by Kristers Gudlevskis with a rebound.
4:30 of 1st period - Slapshot by Denis Grebeshkov.
4:30 of 1st period - Stopped by Kristers Gudlevskis without a rebound.
4:31 of 1st period - Sidney Crosby wins face-off versus Frans Nielsen in Canadiens zone.
4:38 of 1st period - Snap shot by Sidney Crosby.
4:38 of 1st period - Deflect By Phil Kessel.
4:38 of 1st period - Stopped by Kristers Gudlevskis without a rebound.
4:39 of 1st period - Derek Boogaard wins face-off versus Frans Nielsen in Canadiens zone.
4:46 of 1st period - Backhand shot by Derek Boogaard.
4:46 of 1st period - Stopped by Kristers Gudlevskis without a rebound.
4:47 of 1st period - Henrik Sedin wins face-off versus Sidney Crosby in Canadiens zone.
5:22 of 1st period - Snap shot by Greg Stewart.
5:22 of 1st period - Shot Misses the Net.
5:24 of 1st period - Slapshot by Greg Stewart.
5:24 of 1st period - Stopped by Jaroslav Halak with a rebound.
5:26 of 1st period - Wrist shot by Frans Nielsen.
5:26 of 1st period - Stopped by Jaroslav Halak with a rebound.
5:28 of 1st period - Wrist shot by Greg Stewart.
5:28 of 1st period - Shot Misses the Net.
5:34 of 1st period - Minor Penalty to Evgeni Malkin for Slashing.
5:35 of 1st period - Henrik Sedin wins face-off versus Sidney Crosby in Senateurs zone.
6:02 of 1st period - Cody Franson is hit by Benoit Pouliot and loses puck.
7:34 of 1st period - Penalty to Evgeni Malkin is over, Evgeni Malkin is back on ice.
7:45 of 1st period - Evgeni Malkin is hit by Raphael Diaz and loses puck.
8:05 of 1st period - Nate Prosser is hit by Nick Spaling and loses puck.
8:31 of 1st period - Snap shot by Peter Regin.
8:31 of 1st period - Stopped by Kristers Gudlevskis without a rebound.
8:32 of 1st period - Henrik Sedin wins face-off versus Peter Regin in Canadiens zone.
9:34 of 1st period - Snap shot by Phil Kessel.
9:34 of 1st period - Stopped by Kristers Gudlevskis with a rebound.
9:36 of 1st period - Snap shot by Dion Phaneuf.
9:36 of 1st period - Stopped by Kristers Gudlevskis without a rebound.
9:37 of 1st period - Sidney Crosby wins face-off versus Dustin Boyd in Canadiens zone.
9:44 of 1st period - Snap shot by Derek Boogaard.
9:44 of 1st period - Shot Misses the Net.
9:46 of 1st period - Slapshot by Cody Franson.
9:46 of 1st period - Shot Misses the Net.
11:28 of 1st period - Snap shot by Marek Svatos.
11:28 of 1st period - Shot Blocked by Philip Larsen.
11:30 of 1st period - Wrist shot by Jamie Benn.
11:30 of 1st period - Stopped by Kristers Gudlevskis without a rebound.
11:31 of 1st period - Frans Nielsen wins face-off versus Sidney Crosby in Canadiens zone.
12:23 of 1st period - Wrist shot by Brett Maclean.
12:23 of 1st period - Stopped by Jaroslav Halak with a rebound.
12:41 of 1st period - Duncan Keith is hit by Colton Parayko.
13:07 of 1st period - Minor Penalty to Phil Kessel for Tripping.
13:08 of 1st period - Sidney Crosby wins face-off versus Greg Stewart in Senateurs zone.
13:17 of 1st period - Dion Phaneuf is hit by Henrik Sedin and loses puck.
13:44 of 1st period - Snap shot by Corey Perry.
13:44 of 1st period - Stopped by Jaroslav Halak without a rebound.
13:45 of 1st period - Henrik Sedin wins face-off versus Peter Regin in Senateurs zone.
13:54 of 1st period - Wrist shot by Henrik Sedin.
13:54 of 1st period - Deflect By David Pastrnak.
13:54 of 1st period - Shot Misses the Net.
13:54 of 1st period - Puck is out of play.
13:55 of 1st period - Sidney Crosby wins face-off versus Henrik Sedin in Senateurs zone.
14:28 of 1st period - Wrist shot by David Pastrnak.
14:28 of 1st period - Shot Misses the Net.
14:30 of 1st period - Wrist shot by Mark Stuart.
14:30 of 1st period - Shot Blocked by Sidney Crosby.
14:32 of 1st period - Snap shot by David Pastrnak.
14:32 of 1st period - Shot Misses the Net.
15:07 of 1st period - Penalty to Phil Kessel is over, Phil Kessel is back on ice.
15:35 of 1st period - Wrist shot by David Pastrnak.
15:35 of 1st period - Shot Misses the Net.
15:37 of 1st period - Snap shot by David Pastrnak.
15:37 of 1st period - Stopped by Jaroslav Halak without a rebound.
15:38 of 1st period - Maxim Lapierre wins face-off versus Steve Downie in Senateurs zone.
15:38 of 1st period - Maxim Lapierre is hit by Brett Maclean.
15:44 of 1st period - Snap shot by Brett Maclean.
15:44 of 1st period - Deflect By Pierre-Marc Bouchard.
15:44 of 1st period - Shot Misses the Net.
15:44 of 1st period - Puck is out of play.
15:45 of 1st period - Pierre-Marc Bouchard wins face-off versus Maxim Lapierre in Senateurs zone.
15:46 of 1st period - Slapshot by Brett Maclean.
15:46 of 1st period - Stopped by Jaroslav Halak without a rebound.
15:47 of 1st period - Pierre-Marc Bouchard wins face-off versus Sergei Kostitsyn in Senateurs zone.
15:54 of 1st period - Snap shot by Brett Maclean.
15:54 of 1st period - Stopped by Jaroslav Halak without a rebound.
15:55 of 1st period - Maxim Lapierre wins face-off versus Pierre-Marc Bouchard in Senateurs zone.
15:55 of 1st period - Maxim Lapierre is hit by Cameron Gaunce.
16:27 of 1st period - Snap shot by Jordan Szwarz.
16:27 of 1st period - Shot Blocked by Brian McGrattan.
16:29 of 1st period - Slapshot by Bryce Lampman.
16:29 of 1st period - Deflect By Nick Spaling.
16:29 of 1st period - Stopped by Jaroslav Halak without a rebound.
16:30 of 1st period - Henrik Sedin wins face-off versus Peter Regin in Senateurs zone.
16:33 of 1st period - Wrist shot by Benoit Pouliot.
16:33 of 1st period - Deflect By Corey Perry.
16:33 of 1st period - Shot Misses the Net.
16:33 of 1st period - Puck is out of play.
16:34 of 1st period - Peter Regin wins face-off versus Henrik Sedin in Senateurs zone.
17:01 of 1st period - Matt Moulson is hit by Colton Parayko and loses puck.
17:22 of 1st period - Snap shot by Peter Regin.
17:22 of 1st period - Stopped by Kristers Gudlevskis with a rebound.
17:24 of 1st period - Slapshot by Dion Phaneuf.
17:24 of 1st period - Shot Blocked by Mark Stuart.
17:40 of 1st period - Snap shot by Matt Moulson.
17:40 of 1st period - Stopped by Kristers Gudlevskis without a rebound.
17:41 of 1st period - Henrik Sedin wins face-off versus Sidney Crosby in Canadiens zone.
18:11 of 1st period - Snap shot by Marek Svatos.
18:11 of 1st period - Shot Misses the Net.
18:25 of 1st period - Minor Penalty to Frans Nielsen for Tripping.
18:26 of 1st period - Sidney Crosby wins face-off versus Corey Perry in Canadiens zone.
19:05 of 1st period - Backhand shot by Cody Franson.
19:05 of 1st period - Goal by Cody Franson - Canadiens : 0 - Senateurs : 1.
19:06 of 1st period - Derek Boogaard wins face-off versus Benoit Pouliot in neutral zone.
Goals for this period are 0 for Canadiens vs 1 for Senateurs.
Shots for this period are 10 for Canadiens vs 13 for Senateurs.
2nd period
0:01 of 2nd period - Henrik Sedin wins face-off versus Sidney Crosby in neutral zone.
0:19 of 2nd period - Minor Penalty to Colton Parayko for Holding.
0:20 of 2nd period - Sidney Crosby wins face-off versus Corey Perry in Canadiens zone.
0:34 of 2nd period - Snap shot by Cody Franson.
0:34 of 2nd period - Deflect By Phil Kessel.
0:34 of 2nd period - Stopped by Kristers Gudlevskis with a rebound.
0:36 of 2nd period - Snap shot by Sidney Crosby.
0:36 of 2nd period - Stopped by Kristers Gudlevskis with a rebound.
2:19 of 2nd period - Penalty to Colton Parayko is over, Colton Parayko is back on ice.
3:04 of 2nd period - Icing by Matt Moulson.
3:05 of 2nd period - Maxim Lapierre wins face-off versus Pierre-Marc Bouchard in Senateurs zone.
3:16 of 2nd period - Wrist shot by Maxim Lapierre.
3:16 of 2nd period - Stopped by Kristers Gudlevskis with a rebound.
3:18 of 2nd period - Slapshot by Arturs Kulda.
3:18 of 2nd period - Deflect By Bryce Lampman.
3:18 of 2nd period - Stopped by Kristers Gudlevskis without a rebound.
3:19 of 2nd period - Sidney Crosby wins face-off versus Henrik Sedin in Canadiens zone.
3:34 of 2nd period - Snap shot by Henrik Sedin.
3:34 of 2nd period - Stopped by Jaroslav Halak with a rebound.
3:58 of 2nd period - Snap shot by David Pastrnak.
3:58 of 2nd period - Stopped by Jaroslav Halak without a rebound.
3:59 of 2nd period - Pierre-Marc Bouchard wins face-off versus Sidney Crosby in Senateurs zone.
4:53 of 2nd period - Peter Regin is hit by Cameron Gaunce and loses puck.
5:02 of 2nd period - Snap shot by Corey Perry.
5:02 of 2nd period - Stopped by Jaroslav Halak without a rebound.
5:03 of 2nd period - Sidney Crosby wins face-off versus David Pastrnak in Senateurs zone.
5:12 of 2nd period - Wrist shot by Sidney Crosby.
5:12 of 2nd period - Stopped by Kristers Gudlevskis without a rebound.
5:13 of 2nd period - Derek Boogaard wins face-off versus Frans Nielsen in Canadiens zone.
5:32 of 2nd period - Slapshot by Colton Parayko.
5:32 of 2nd period - Stopped by Jaroslav Halak without a rebound.
5:33 of 2nd period - Evgeni Malkin wins face-off versus Henrik Sedin in Senateurs zone.
5:46 of 2nd period - Snap shot by Benoit Pouliot.
5:46 of 2nd period - Shot Misses the Net.
6:00 of 2nd period - Greg Stewart is hit by Phil Kessel and loses puck.
6:50 of 2nd period - Slapshot by Jordan Szwarz.
6:50 of 2nd period - Shot Misses the Net.
6:52 of 2nd period - Wrist shot by Jordan Szwarz.
6:52 of 2nd period - Stopped by Jaroslav Halak without a rebound.
6:53 of 2nd period - Henrik Sedin wins face-off versus Sidney Crosby in Senateurs zone.
7:20 of 2nd period - Nate Prosser is hit by Mark Stuart and loses puck.
8:05 of 2nd period - Wrist shot by Jordan Szwarz.
8:05 of 2nd period - Shot Misses the Net.
8:10 of 2nd period - Off-side.
8:11 of 2nd period - Sidney Crosby wins face-off versus Henrik Sedin in neutral zone.
8:20 of 2nd period - Cody Franson is hit by Corey Perry and loses puck.
8:41 of 2nd period - Icing by Raphael Diaz.
8:42 of 2nd period - Greg Stewart wins face-off versus Evgeni Malkin in Canadiens zone.
8:57 of 2nd period - Snap shot by Frans Nielsen.
8:57 of 2nd period - Shot Misses the Net.
8:59 of 2nd period - Snap shot by Frans Nielsen.
8:59 of 2nd period - Stopped by Jaroslav Halak without a rebound.
9:00 of 2nd period - Henrik Sedin wins face-off versus Sidney Crosby in Senateurs zone.
9:03 of 2nd period - Slapshot by Corey Perry.
9:03 of 2nd period - Deflect By Henrik Sedin.
9:03 of 2nd period - Goal by Henrik Sedin - Canadiens : 1 - Senateurs : 1.
9:04 of 2nd period - Sidney Crosby wins face-off versus Henrik Sedin in neutral zone.
9:13 of 2nd period - Snap shot by Sidney Crosby.
9:13 of 2nd period - Shot Blocked by Cameron Gaunce.
9:31 of 2nd period - Cameron Gaunce is hit by Cody Franson and loses puck.
9:56 of 2nd period - Wrist shot by Steve Downie.
9:56 of 2nd period - Stopped by Jaroslav Halak with a rebound.
9:58 of 2nd period - Snap shot by Brett Maclean.
9:58 of 2nd period - Shot Misses the Net.
10:00 of 2nd period - Wrist shot by Pierre-Marc Bouchard.
10:00 of 2nd period - Stopped by Jaroslav Halak with a rebound.
10:02 of 2nd period - Wrist shot by Brett Maclean.
10:02 of 2nd period - Stopped by Jaroslav Halak without a rebound.
10:03 of 2nd period - Henrik Sedin wins face-off versus Sidney Crosby in Senateurs zone.
10:14 of 2nd period - Snap shot by Benoit Pouliot.
10:14 of 2nd period - Stopped by Jaroslav Halak without a rebound.
10:15 of 2nd period - Henrik Sedin wins face-off versus Derek Boogaard in Senateurs zone.
10:23 of 2nd period - Minor Penalty to Derek Boogaard for Hooking.
10:24 of 2nd period - Sidney Crosby wins face-off versus Henrik Sedin in Senateurs zone.
10:29 of 2nd period - Icing by David Pastrnak.
10:30 of 2nd period - Sidney Crosby wins face-off versus Henrik Sedin in Canadiens zone.
12:23 of 2nd period - Penalty to Derek Boogaard is over, Derek Boogaard is back on ice.
13:02 of 2nd period - Nick Spaling is hit by Maxim Lapierre and loses puck.
13:17 of 2nd period - Nate Prosser is hit by Philip Larsen and loses puck.
13:47 of 2nd period - Icing by Brett Maclean.
13:48 of 2nd period - Pierre-Marc Bouchard wins face-off versus Maxim Lapierre in Canadiens zone.
13:55 of 2nd period - Sergei Kostitsyn is hit by Pierre-Marc Bouchard and loses puck.
15:04 of 2nd period - Slapshot by Raphael Diaz.
15:04 of 2nd period - Stopped by Jaroslav Halak without a rebound.
15:05 of 2nd period - Henrik Sedin wins face-off versus Sidney Crosby in Senateurs zone.
15:08 of 2nd period - Snap shot by Benoit Pouliot.
15:08 of 2nd period - Shot Blocked by Nate Prosser.
15:10 of 2nd period - Snap shot by Henrik Sedin.
15:10 of 2nd period - Stopped by Jaroslav Halak without a rebound.
15:11 of 2nd period - Henrik Sedin wins face-off versus Sidney Crosby in Senateurs zone.
15:14 of 2nd period - Wrist shot by Corey Perry.
15:14 of 2nd period - Stopped by Jaroslav Halak without a rebound.
15:15 of 2nd period - Sidney Crosby wins face-off versus Corey Perry in Senateurs zone.
15:15 of 2nd period - Sidney Crosby is hit by Benoit Pouliot.
15:38 of 2nd period - Minor Penalty to Benoit Pouliot for Hooking.
15:39 of 2nd period - Sidney Crosby wins face-off versus Corey Perry in Canadiens zone.
15:46 of 2nd period - Slapshot by Phil Kessel.
15:46 of 2nd period - Stopped by Kristers Gudlevskis with a rebound.
15:48 of 2nd period - Slapshot by Cody Franson.
15:48 of 2nd period - Deflect By Henrik Sedin.
15:48 of 2nd period - Stopped by Kristers Gudlevskis without a rebound.
15:49 of 2nd period - Sidney Crosby wins face-off versus Corey Perry in Canadiens zone.
16:20 of 2nd period - Snap shot by Derek Boogaard.
16:20 of 2nd period - Stopped by Kristers Gudlevskis with a rebound.
16:22 of 2nd period - Wrist shot by Sidney Crosby.
16:22 of 2nd period - Shot Misses the Net.
16:24 of 2nd period - Slapshot by Cody Franson.
16:24 of 2nd period - Goal by Cody Franson - Canadiens : 1 - Senateurs : 2.
16:25 of 2nd period - Evgeni Malkin wins face-off versus Frans Nielsen in neutral zone.
16:33 of 2nd period - Icing by Frans Nielsen.
16:34 of 2nd period - Evgeni Malkin wins face-off versus Frans Nielsen in Canadiens zone.
16:55 of 2nd period - Slapshot by Evgeni Malkin.
16:55 of 2nd period - Stopped by Kristers Gudlevskis with a rebound.
17:23 of 2nd period - Slapshot by Cody Franson.
17:23 of 2nd period - Deflect By Marek Svatos.
17:23 of 2nd period - Stopped by Kristers Gudlevskis with a rebound.
17:49 of 2nd period - Icing by David Pastrnak.
17:50 of 2nd period - Frans Nielsen wins face-off versus Sidney Crosby in Canadiens zone.
17:59 of 2nd period - Wrist shot by David Pastrnak.
17:59 of 2nd period - Stopped by Jaroslav Halak without a rebound.
18:00 of 2nd period - Henrik Sedin wins face-off versus Sidney Crosby in Senateurs zone.
18:01 of 2nd period - Wrist shot by Corey Perry.
18:01 of 2nd period - Shot Misses the Net.
19:25 of 2nd period - Snap shot by Peter Regin.
19:25 of 2nd period - Stopped by Kristers Gudlevskis with a rebound.
19:27 of 2nd period - Slapshot by Marek Svatos.
19:27 of 2nd period - Deflect By Evgeni Malkin.
19:27 of 2nd period - Stopped by Kristers Gudlevskis with a rebound.
19:39 of 2nd period - Cody Franson is hit by Jordan Szwarz.
Goals for this period are 1 for Canadiens vs 1 for Senateurs.
Shots for this period are 15 for Canadiens vs 13 for Senateurs.
3rd period
0:01 of 3rd period - Sidney Crosby wins face-off versus Henrik Sedin in neutral zone.
1:13 of 3rd period - Snap shot by Jordan Szwarz.
1:13 of 3rd period - Stopped by Jaroslav Halak without a rebound.
1:14 of 3rd period - Dustin Boyd wins face-off versus Matt Moulson in Senateurs zone.
2:10 of 3rd period - Wrist shot by Sidney Crosby.
2:10 of 3rd period - Shot Misses the Net.
2:12 of 3rd period - Snap shot by Phil Kessel.
2:12 of 3rd period - Shot Misses the Net.
2:14 of 3rd period - Wrist shot by Sidney Crosby.
2:14 of 3rd period - Stopped by Kristers Gudlevskis without a rebound.
2:15 of 3rd period - Frans Nielsen wins face-off versus Evgeni Malkin in Canadiens zone.
2:28 of 3rd period - Snap shot by David Pastrnak.
2:28 of 3rd period - Deflect By Greg Stewart.
2:28 of 3rd period - Shot Hit the Post.
2:28 of 3rd period - Puck is out of play.
2:29 of 3rd period - Henrik Sedin wins face-off versus Sidney Crosby in Senateurs zone.
2:44 of 3rd period - Slapshot by Henrik Sedin.
2:44 of 3rd period - Stopped by Jaroslav Halak with a rebound.
2:46 of 3rd period - Wrist shot by Henrik Sedin.
2:46 of 3rd period - Deflect By Corey Perry.
2:46 of 3rd period - Stopped by Jaroslav Halak without a rebound.
2:47 of 3rd period - David Pastrnak wins face-off versus Evgeni Malkin in Senateurs zone.
2:48 of 3rd period - Wrist shot by Greg Stewart.
2:48 of 3rd period - Shot Blocked by Dion Phaneuf.
3:02 of 3rd period - Snap shot by David Pastrnak.
3:02 of 3rd period - Deflect By Greg Stewart.
3:02 of 3rd period - Stopped by Jaroslav Halak with a rebound.
4:41 of 3rd period - Snap shot by Benoit Pouliot.
4:41 of 3rd period - Shot Misses the Net.
6:12 of 3rd period - Wrist shot by Henrik Sedin.
6:12 of 3rd period - Shot Blocked by Arturs Kulda.
6:28 of 3rd period - Snap shot by Mark Stuart.
6:28 of 3rd period - Stopped by Jaroslav Halak without a rebound.
6:29 of 3rd period - Maxim Lapierre wins face-off versus Pierre-Marc Bouchard in Senateurs zone.
6:34 of 3rd period - Wrist shot by Sergei Kostitsyn.
6:34 of 3rd period - Stopped by Kristers Gudlevskis with a rebound.
6:36 of 3rd period - Snap shot by Colby Armstrong.
6:36 of 3rd period - Stopped by Kristers Gudlevskis with a rebound.
6:55 of 3rd period - Wrist shot by Colby Armstrong.
6:55 of 3rd period - Shot Blocked by Brett Maclean.
7:03 of 3rd period - Slapshot by Sergei Kostitsyn.
7:03 of 3rd period - Stopped by Kristers Gudlevskis with a rebound.
7:07 of 3rd period - Slapshot by Sergei Kostitsyn.
7:07 of 3rd period - Shot Misses the Net.
7:11 of 3rd period - Snap shot by Maxim Lapierre.
7:11 of 3rd period - Stopped by Kristers Gudlevskis with a rebound.
7:13 of 3rd period - Wrist shot by Denis Grebeshkov.
7:13 of 3rd period - Shot Blocked by Cameron Gaunce.
7:17 of 3rd period - Wrist shot by Colby Armstrong.
7:17 of 3rd period - Stopped by Kristers Gudlevskis without a rebound.
7:18 of 3rd period - Sidney Crosby wins face-off versus Henrik Sedin in Canadiens zone.
7:42 of 3rd period - Icing by Arturs Kulda.
7:43 of 3rd period - Frans Nielsen wins face-off versus Evgeni Malkin in Senateurs zone.
7:47 of 3rd period - Icing by Marek Svatos.
7:48 of 3rd period - Evgeni Malkin wins face-off versus Frans Nielsen in Senateurs zone.
7:57 of 3rd period - Wrist shot by Jamie Benn.
7:57 of 3rd period - Stopped by Kristers Gudlevskis without a rebound.
7:58 of 3rd period - Henrik Sedin wins face-off versus Sidney Crosby in Canadiens zone.
8:05 of 3rd period - Backhand shot by Benoit Pouliot.
8:05 of 3rd period - Stopped by Jaroslav Halak without a rebound.
8:06 of 3rd period - Sidney Crosby wins face-off versus Henrik Sedin in Senateurs zone.
8:15 of 3rd period - Corey Perry is hit by Phil Kessel and loses puck.
8:54 of 3rd period - Colton Parayko is hit by Phil Kessel and loses puck.
10:11 of 3rd period - Colton Parayko is hit by Derek Boogaard and loses puck.
10:32 of 3rd period - Wrist shot by Sidney Crosby.
10:32 of 3rd period - Stopped by Kristers Gudlevskis without a rebound.
10:33 of 3rd period - Evgeni Malkin wins face-off versus Greg Stewart in Canadiens zone.
11:04 of 3rd period - Slapshot by Steve Downie.
11:04 of 3rd period - Shot Misses the Net.
11:51 of 3rd period - Off-side.
11:52 of 3rd period - Maxim Lapierre wins face-off versus Pierre-Marc Bouchard in neutral zone.
11:57 of 3rd period - Steve Downie is hit by Maxim Lapierre and loses puck.
12:23 of 3rd period - Mark Stuart is hit by Duncan Keith and loses puck.
12:33 of 3rd period - Icing by Cameron Gaunce.
12:34 of 3rd period - Frans Nielsen wins face-off versus Peter Regin in Canadiens zone.
12:45 of 3rd period - Wrist shot by Greg Stewart.
12:45 of 3rd period - Shot Misses the Net.
12:55 of 3rd period - Snap shot by David Pastrnak.
12:55 of 3rd period - Stopped by Jaroslav Halak with a rebound.
12:57 of 3rd period - Wrist shot by Mark Stuart.
12:57 of 3rd period - Stopped by Jaroslav Halak with a rebound.
12:59 of 3rd period - Wrist shot by David Pastrnak.
12:59 of 3rd period - Stopped by Jaroslav Halak without a rebound.
13:00 of 3rd period - Evgeni Malkin wins face-off versus Pierre-Marc Bouchard in Senateurs zone.
13:15 of 3rd period - Wrist shot by Evgeni Malkin.
13:15 of 3rd period - Goal by Evgeni Malkin - Canadiens : 1 - Senateurs : 3.
13:16 of 3rd period - Sidney Crosby wins face-off versus Henrik Sedin in neutral zone.
14:28 of 3rd period - Nick Spaling is hit by Cody Franson.
14:31 of 3rd period - Off-side.
14:32 of 3rd period - Dustin Boyd wins face-off versus Peter Regin in neutral zone.
14:40 of 3rd period - Icing by Brian McGrattan.
14:41 of 3rd period - Peter Regin wins face-off versus Henrik Sedin in Senateurs zone.
14:41 of 3rd period - Peter Regin is hit by Benoit Pouliot.
14:59 of 3rd period - Snap shot by Matt Moulson.
14:59 of 3rd period - Stopped by Kristers Gudlevskis with a rebound.
15:10 of 3rd period - Icing by Matt Moulson.
15:11 of 3rd period - Frans Nielsen wins face-off versus Matt Moulson in Senateurs zone.
16:12 of 3rd period - Slapshot by Matt Moulson.
16:12 of 3rd period - Shot Misses the Net.
16:14 of 3rd period - Wrist shot by Matt Moulson.
16:14 of 3rd period - Goal by Matt Moulson - Canadiens : 1 - Senateurs : 4.
16:15 of 3rd period - Sidney Crosby wins face-off versus Benoit Pouliot in neutral zone.
16:35 of 3rd period - Minor Penalty to Phil Kessel for Holding.
16:36 of 3rd period - Henrik Sedin wins face-off versus Sidney Crosby in Senateurs zone.
16:48 of 3rd period - Wrist shot by David Pastrnak.
16:48 of 3rd period - Deflect By Greg Stewart.
16:48 of 3rd period - Stopped by Jaroslav Halak without a rebound.
16:49 of 3rd period - Henrik Sedin wins face-off versus Evgeni Malkin in Senateurs zone.
18:35 of 3rd period - Penalty to Phil Kessel is over, Phil Kessel is back on ice.
18:46 of 3rd period - Slapshot by Jordan Szwarz.
18:46 of 3rd period - Shot Blocked by Phil Kessel.
18:48 of 3rd period - Wrist shot by Philip Larsen.
18:48 of 3rd period - Shot Blocked by Cody Franson.
18:52 of 3rd period - Snap shot by Dustin Boyd.
18:52 of 3rd period - Deflect By Cody Franson.
18:52 of 3rd period - Stopped by Jaroslav Halak with a rebound.
18:54 of 3rd period - Snap shot by Dustin Boyd.
18:54 of 3rd period - Shot Blocked by Dion Phaneuf.
19:10 of 3rd period - Snap shot by Sergei Kostitsyn.
19:10 of 3rd period - Stopped by Kristers Gudlevskis with a rebound.
19:16 of 3rd period - Slapshot by Maxim Lapierre.
19:16 of 3rd period - Shot Misses the Net.
19:24 of 3rd period - Minor Penalty to Pierre-Marc Bouchard for Cross-checking.
19:25 of 3rd period - Sidney Crosby wins face-off versus Corey Perry in Canadiens zone.
19:56 of 3rd period - Snap shot by Evgeni Malkin.
19:56 of 3rd period - Stopped by Kristers Gudlevskis without a rebound.
19:57 of 3rd period - Greg Stewart wins face-off versus Sidney Crosby in Canadiens zone.
Goals for this period are 0 for Canadiens vs 2 for Senateurs.
Shots for this period are 11 for Canadiens vs 13 for Senateurs.